 Dungeon Crawl Stone Soup version 0.30-a0-170-g85af917532 (webtiles) character file.

Game seed: 6904945880227402979

71547 jlumianski the Cleaver (level 14, -14/108 HPs)
             Began as a Demonspawn Gladiator on Oct 1, 2022.
             Was an Elder of Qazlal.
             Demolished by Rupert
             ... wielding a +6 great mace of protection
              (32 damage)
             ... on level 4 of the Lair of Beasts.
             The game lasted 02:14:45 (32990 turns).

jlumianski the Cleaver (Demonspawn Gladiator)      Turns: 32990, Time: 02:14:45

Health: -14/108    AC: 24    Str: 18    XL:     14   Next: 98%
Magic:  22/22      EV: 10    Int: 15    God:    Qazlal [****..]
Gold:   984        SH: 10    Dex: 18    Spells: 13/13 levels left

rFire   . . .      SeeInvis .    O - +3 broad axe (elec)
rCold   . . .      Faith    .    (no shield)
rNeg    . . .      Spirit   .    h - +0 plate armour
rPois   +          Reflect  +    o - +2 hat
rElec   .          Harm     +    G - scarf {harm}
rCorr   .          Rampage  .    (gloves unavailable)
Will    +....                    (boots unavailable)
Stlth   ..........               x - amulet of Teqajelo {Reflect rPois Int+4 Dex+3 SH+5}
HPRegen 0.28/turn                g - +4 ring of protection
MPRegen 0.18/turn                C - +4 ring of protection

@: repel missiles
A: claws 3, hooves 3, horns 2, ignite blood 2, powered by pain 1
a: Renounce Religion, Upheaval, Elemental Force


You were on level 4 of the Lair of Beasts.
You worshipped Qazlal.
Qazlal was greatly pleased with you.
You visited 4 branches of the dungeon, and saw 22 of its levels.

You collected 2142 gold pieces.
You spent 1158 gold pieces at shops.

Inventory:

Hand Weapons
 b - a +1 battleaxe of flaming
 O - a +3 broad axe of electrocution (weapon)
 P - the +8 flail of Miurr {drain, Stlth+}
   (You found it on level 2 of the Lair of Beasts)

   A truly terrible weapon, it drains the life of any living foe it strikes.
   Stlth:     It makes you more stealthy.
Missiles
 d - 3 throwing nets
 e - 5 javelins
 n - a silver boomerang
 t - 42 poisoned darts (quivered)
 v - 3 boomerangs
 K - 4 atropa-tipped darts
Armour
 h - a +0 plate armour (worn)
 o - a +2 hat (worn)
 G - a scarf of harm (worn)
Jewellery
 a - a ring of ice
 g - a +4 ring of protection (left claw)
 j - a ring of willpower
 s - a ring of positive energy
 u - a ring of see invisible
 x - the amulet of Teqajelo (around neck) {Reflect rPois Int+4 Dex+3 SH+5}
   (You bought it in a shop on level 2 of the Orcish Mines)

   [amulet of reflection]

   It reflects blocked missile attacks.
   Int:       It affects your intelligence (+4).
   Dex:       It affects your dexterity (+3).
   rPois:     It protects you from poison.
   SH:        It affects your SH (+5).
 y - a ring of protection from fire
 B - a ring of flight
 C - a +4 ring of protection (right claw)
Wands
 c - a wand of flame (12)
 D - a wand of mindburst (21)
 E - a wand of acid (9)
 I - a wand of iceblast (5)
 L - a wand of paralysis (12)
 U - a wand of digging (5)
Scrolls
 l - 4 scrolls of teleportation
 q - 2 scrolls of poison
 r - 2 scrolls of butterflies
 w - 4 scrolls of blinking
 H - a scroll of immolation
 J - 2 scrolls of torment
 N - 5 scrolls of identify
 T - 3 scrolls of enchant armour
Potions
 f - 5 potions of haste
 i - 3 potions of heal wounds
 k - 9 potions of curing
 m - 2 potions of might
 A - 3 potions of ambrosia
 F - a potion of resistance
 M - 2 potions of berserk rage
 Q - a potion of cancellation
Miscellaneous
 p - a lightning rod (4/4)
 z - a phial of floods
 R - a tin of tremorstones (2/2)


   Skills:
 + Level 9.6 Fighting
 + Level 13.7 Axes
 + Level 4.1 Throwing
 + Level 10.7 Armour
 * Level 9.6 Dodging
 - Level 1.3 Stealth
 - Level 5.5 Shields
 * Level 11.0 Invocations
 * Level 9.2 Evocations


You had 13 spell levels left.
You didn't know any spells.
Your spell library contained the following spells:

 Spells                   Type           Power      Damage    Failure   Level
 Slow                     Hex            0%         N/A       99%         1
 Summon Small Mammal      Summ           0%         N/A       99%         1
 Call Canine Familiar     Summ           0%         N/A       100%        3
 Confusing Touch          Hex            0%         N/A       100%        3
 Hailstorm                Conj/Ice       0%         3d3       100%        3
 Summon Guardian Golem    Hex/Summ       0%         N/A       100%        3
 Vampiric Draining        Necr           0%         2d6       100%        3
 Ice Form                 Ice/Tmut       0%         N/A       100%        4
 Simulacrum               Ice/Necr       0%         N/A       100%        6


Dungeon Overview and Level Annotations

Branches:
Dungeon (15/15)            Temple (1/1) D:7            Lair (4/5) D:8
    Orc (2/2) D:11            Elf (0/3) Orc:2        Vaults (0/5) D:14
 Depths (0/4) D:15
  Swamp: Lair:2-3    Shoals: Lair:2-3     Snake: Lair:2-3    Spider: Lair:2-3
  Slime: Lair:4-5

Altars:
Dithmenos
Fedhas
Gozag
Hepliaklqana
Kikubaaqudgha
Okawaru
Qazlal
Ru
Trog
Uskayaw
Vehumet
Wu Jian
Xom
Yredelemnul

Shops:
D:3 ?   D:6 *   D:9 *   Orc:2 [[==

Portals:
Trove: D:14 (give 8 scrolls of fear)

Annotations:
D:8 exclusion: 4 orange crystal statues
Lair:4 Rupert


Innate Abilities, Weirdness & Mutations

You have claws for hands.
You have hooves in place of feet.
You have a pair of horns on your head.
Your demonic aura often causes spilled blood to erupt in flames.
You sometimes gain a little power by taking damage.


Message History

A yak comes into view.
You see here a bullfrog corpse.
You hear a bellow!
A yak comes into view.
Unknown command.
Activating: Elemental Force (0% risk of failure)
Press: ? - help, Dir - look around, f - activate Clouds arounds you coalesce and take form!
You hear a bellow!
Rupert roars madly and goes into a rage!
Rupert goes berserk!
You slice Rupert!! Lightning courses through Rupert!
You kick Rupert, but do no damage.
Rupert is moderately wounded.
Rupert is engulfed in blazing flames.
Rupert closely misses you.
A yak comes into view.
Rupert is engulfed in blazing flames.
You block Rupert's attack.
You barely miss Rupert. You kick Rupert, but do no damage. You headbutt Rupert!
Rupert is moderately wounded.
Rupert is engulfed in blazing flames.
Rupert hits you with a +6 great mace of protection!!
You focus on the pain.
You feel your power returning.
Unknown command.
You hit Rupert but do no damage. You kick Rupert, but do no damage.
Rupert is moderately wounded.
Rupert is engulfed in blazing flames.
Rupert hits you with a +6 great mace of protection!!!
* * * LOW HITPOINT WARNING * * *
Your water elemental hits Rupert!
Your water elemental engulfs Rupert in water!
A yak comes into view.
Rupert is engulfed in blazing flames.
You block Rupert's attack.
Rupert is asphyxiated!
Your water elemental barely misses Rupert.
The yak is engulfed in blazing flames.
Rupert is engulfed in blazing flames.
Rupert is no longer engulfed.
You see here a bullfrog corpse.
Rupert attacks as you move away!
Rupert hits you with a +6 great mace of protection!!
You die...

..# #...* *,,,*** **,,,* *,, ..*
#..P* #....* *,,,** **,, .##
#..#* #...#* **,,,* *,,, ..##
#..## #..<# *,,** **,, .#.# #...#
#...# **,,* **,, ..#* #..#* #...#
*,,,* *,,, ..# ###..#
####...##***,,,* **,,
..###....###..#.°.Y#.###.,*****,,
...............§@@°○.Y...,*,*,,,,
..............○○§E§Y}..Y.,,,,,,,,
##########..#########.#.#,*,*****
# #### **#,**,,* *******


You could see Rupert (berserk, ally target), 4 yaks and a friendly water
elemental (summoned).

Vanquished Creatures
  Snorg (Orc:1)
  Fannar (Orc:1)
  Josephine (D:9)
  Erolcha (D:13)
  2 hydras
  2 vault guards (D:14)
  An ogre mage (D:15)
  A boulder beetle (D:15)
  3 centaur warriors
  5 two-headed ogres
  8 death yaks
  2 tengu warriors (D:15)
  6 orc high priests
  Nergalle (D:11)
  3 skeletal warriors
  A fire crab (shapeshifter) (D:15)
  Pikel (D:5)
  2 orc knights
  11 ugly things
  2 deep elf pyromancers
  4 necromancers (D:14)
  An orc sorcerer (Orc:2)
  4 manticores
  A salamander (D:15)
  3 cyclopes
  A black mamba (Lair:4)
  A guardian serpent (shapeshifter) (D:15)
  Joseph (D:10)
  4 elephants (Lair:1)
  A torpor snail (Lair:2)
  2 gargoyles
  5 cane toads (Lair:1)
  A yaktaur (D:14)
  A rime drake (Lair:4)
  A komodo dragon (D:12)
  A tengu conjurer (D:13)
  2 polar bears (D:10)
  13 trolls
  2 hornets
  27 slime creatures
  32 yaks
  A culicivora (shapeshifter) (D:14)
  A vampire (D:11)
  3 shadows
  5 wraiths
  8 wyverns
  17 humans (D:14)
  8 vampire mosquitoes
  3 basilisks
  3 acid dragons
  8 wargs
  7 water moccasins
  Duvessa (D:7)
  19 orc warriors
  2 ice beasts (D:6)
  A black bear (D:6)
  9 ogres
  3 wolves (Lair:1)
  8 centaurs
  3 kobold brigands
  A lemure (D:5)
  A gnoll sergeant (D:7)
  17 bullfrogs
  5 scorpions
  12 wights
  A necrophage (D:7)
  Dowan (D:7)
  5 killer bees (D:9)
  5 howler monkeys
  2 electric eels (Lair:1)
  A vampire bat (D:15)
  2 jellies
  34 orc priests
  2 gnoll boudas
  2 hounds
  2 iguanas
  Natasha (thrice) (D:4)
  18 orc wizards
  Ijyb (D:3)
  13 gnolls
  4 adders
  A shadow imp (D:7)
  A white imp (D:7)
  2 dart slugs
  4 worms
  75 orcs
  3 bat skeletons (D:15)
  A bat zombie (D:15)
  6 endoplasms
  2 giant cockroaches
  11 goblins
  7 hobgoblins
  8 jackals
  25 kobolds
  4 quokkas
  7 ball pythons
  3 bats
  2 frilled lizards
  10 rats
577 creatures vanquished.

Vanquished Creatures (collateral kills)
  3 orc high priests (Orc:2)
  An orc (Orc:2)
4 creatures vanquished.

Vanquished Creatures (others)
  An orc wizard (D:7)
  4 fungi
  21 plants
26 creatures vanquished.

Grand Total: 607 creatures vanquished

Notes
Turn   | Place    | Note
-------+----------+-------------------------------------------
     0 | D:1      | jlumianski the Demonspawn Gladiator began the quest for the
                  | Orb.
     0 | D:1      | Reached XP level 1. HP: 16/16 MP: 1/1
   245 | D:1      | Discovered your monstrous ancestry.
   245 | D:1      | Gained mutation: You have large cloven feet. [demonic
                  | ancestry]
   245 | D:1      | Reached XP level 2. HP: 19/23 MP: 2/2
   311 | D:1      | Reached skill level 3 in Axes
   482 | D:1      | Reached XP level 3. HP: 28/28 MP: 3/3
  1086 | D:2      | Gained mutation: You sometimes gain a little power by
                  | taking damage. [demonic ancestry]
  1086 | D:2      | Reached XP level 4. HP: 32/34 MP: 4/4
  1248 | D:2      | Reached skill level 1 in Armour
  1359 | D:2      | Found an ancient bone altar of Kikubaaqudgha.
  1457 | D:2      | Reached skill level 4 in Axes
  2008 | D:4      | Noticed Natasha
  2019 | D:3      | Noticed an ogre
  2027 | D:3      | Killed an ogre
  2028 | D:3      | Reached XP level 5. HP: 41/41 MP: 5/5
  2171 | D:4      | Found a radiant altar of Vehumet.
  2324 | D:3      | Noticed Ijyb
  2331 | D:3      | Killed Ijyb
  2334 | D:3      | Found Peuse's Magic Scroll Shoppe.
  2342 | D:3      | Bought a scroll of identify for 28 gold pieces
  2342 | D:3      | Bought a scroll of identify for 28 gold pieces
  2342 | D:3      | Bought a scroll of identify for 28 gold pieces
  2342 | D:3      | Bought a scroll of identify for 28 gold pieces
  2591 | D:5      | Entered Level 5 of the Dungeon
  2780 | D:4      | Reached skill level 5 in Axes
  2820 | D:4      | Gained mutation: You have a pair of small horns on your
                  | head. [demonic ancestry]
  2820 | D:4      | Reached XP level 6. HP: 39/47 MP: 6/6
  3331 | D:4      | Killed Natasha
  3352 | D:4      | Noticed Natasha
  3357 | D:4      | Killed Natasha
  3378 | D:4      | Noticed Natasha
  3388 | D:4      | Killed Natasha
  3425 | D:4      | Found a blossoming altar of Fedhas.
  4255 | D:5      | Gained mutation: You have sharp fingernails. [demonic
                  | ancestry]
  4255 | D:5      | Reached XP level 7. HP: 21/52 MP: 7/7
  4568 | D:5      | Reached skill level 6 in Axes
  5337 | D:7      | Noticed Pikel
  5355 | D:6      | HP: 2/53 [iguana (7)]
  5845 | D:5      | Killed Pikel
  5846 | D:5      | Reached skill level 7 in Axes
  5846 | D:5      | Gained mutation: You have a pair of horns on your head.
                  | [demonic ancestry]
  5846 | D:5      | Reached XP level 8. HP: 11/61 MP: 8/8
  6339 | D:6      | Reached skill level 5 in Fighting
  6818 | D:6      | Found Bitimiot's Assorted Antiques.
  6886 | D:6      | Bought a scroll of teleportation for 69 gold pieces
  6886 | D:6      | Bought a scroll labelled XACWEJ RETSUSM for 23 gold pieces
  7285 | D:6      | Reached skill level 5 in Armour
  7285 | D:6      | Gained mutation: You have hoof-like feet. [demonic
                  | ancestry]
  7285 | D:6      | Reached XP level 9. HP: 59/68 MP: 9/9
  7336 | D:6      | Reached skill level 8 in Axes
  7608 | D:7      | Noticed Duvessa
  7617 | D:7      | Noticed Dowan
  7774 | D:7      | Killed Duvessa
  7784 | D:7      | Killed Dowan
  7920 | D:8      | Found a staircase to the Lair.
  7920 | D:8      | Found a runed translucent door.
  8240 | D:7      | Reached skill level 1 in Evocations
  8528 | D:7      | Found a staircase to the Ecumenical Temple.
  8538 | Temple   | Entered the Ecumenical Temple
  8548 | Temple   | Became a worshipper of Qazlal Stormbringer
  8956 | D:7      | Reached skill level 9 in Axes
  9194 | D:7      | Gained mutation: Your demonic aura sometimes causes spilled
                  | blood to erupt in flames. [demonic ancestry]
  9194 | D:7      | Reached XP level 10. HP: 41/76 MP: 10/10
  9616 | D:7      | Reached skill level 1 in Invocations
 10018 | D:8      | Reached * piety under Qazlal
 10117 | D:9      | Identified the +3 falchion of Zuiduzue {vorpal, Will+}
 10679 | D:8      | Noticed an orange crystal statue
 10680 | D:8      | Found a runed translucent door.
 10689 | D:8      | Found the +10 tower shield of Ignorance {rN+ Int-4}
 10765 | D:8      | Found a shimmering altar of Xom.
 10803 | D:8      | Noticed a gargoyle
 10820 | D:8      | Killed a gargoyle
 11117 | D:8      | Noticed an orange crystal statue
 11117 | D:8      | Noticed an orange crystal statue
 11117 | D:8      | Noticed an orange crystal statue
 11968 | D:9      | Found Ruxerar's Gadget Gallery.
 12000 | D:9      | Reached skill level 5 in Dodging
 12613 | D:10     | Entered Level 10 of the Dungeon
 12613 | D:10     | Noticed Josephine
 12622 | D:9      | Killed Josephine
 12623 | D:9      | Reached skill level 10 in Axes
 12623 | D:9      | Reached skill level 1 in Stealth
 12698 | D:9      | Gained mutation: You have very sharp fingernails. [demonic
                  | ancestry]
 12698 | D:9      | Reached XP level 11. HP: 65/83 MP: 13/13
 13303 | D:9      | Reached ** piety under Qazlal
 13567 | D:10     | Found a bloodstained altar of Trog.
 13888 | D:10     | Noticed Joseph
 13905 | D:10     | Killed Joseph
 14210 | Lair:1   | Entered Level 1 of the Lair of Beasts
 14210 | Lair:1   | Noticed a death yak
 14210 | Lair:1   | Noticed a death yak
 14210 | Lair:1   | Noticed a death yak
 14210 | Lair:1   | Noticed a death yak
 14222 | D:8      | Killed a death yak
 15238 | D:11     | Reached skill level 5 in Evocations
 15541 | D:11     | Noticed Nergalle
 15551 | D:11     | Killed Nergalle
 15552 | D:11     | Reached skill level 1 in Shields
 15552 | D:11     | Reached skill level 5 in Invocations
 15563 | D:11     | Found a staircase to the Orcish Mines.
 16531 | D:12     | Reached skill level 11 in Axes
 16792 | D:12     | Reached *** piety under Qazlal
 16969 | D:12     | Noticed a red ugly thing
 16978 | D:12     | Killed a red ugly thing
 16979 | D:12     | Gained mutation: Your demonic aura often causes spilled
                  | blood to erupt in flames. [demonic ancestry]
 16979 | D:12     | Reached XP level 12. HP: 47/91 MP: 16/16
 18237 | D:12     | Noticed a two-headed ogre
 18257 | D:12     | Killed a two-headed ogre
 19101 | D:8      | Killed a death yak
 19102 | D:8      | Killed a death yak
 19466 | Orc:1    | Entered Level 1 of the Orcish Mines
 19748 | Orc:1    | Noticed Fannar
 19755 | Orc:1    | Killed Fannar
 19868 | Orc:1    | Noticed a two-headed ogre
 20106 | D:11     | Killed a two-headed ogre
 20820 | Orc:2    | Entered Level 2 of the Orcish Mines
 20820 | Orc:2    | Found a staircase to the Elven Halls.
 20849 | Orc:2    | Paralysed by an orc sorcerer for 3 turns
 20856 | Orc:2    | Reached **** piety under Qazlal
 21215 | Orc:2    | Noticed Snorg
 21572 | Orc:1    | Killed Snorg
 22335 | Orc:2    | Noticed an orc high priest
 22339 | Orc:2    | Noticed an orc high priest
 22555 | Orc:1    | Killed an orc high priest
 22679 | Orc:2    | Killed an orc high priest
 22895 | Orc:2    | Gained mutation: You have hooves in place of feet. [demonic
                  | ancestry]
 22895 | Orc:2    | Reached XP level 13. HP: 57/98 MP: 18/18
 24542 | Orc:2    | Found Riom's Jewellery Boutique.
 24542 | Orc:2    | Found Duaxost's Jewellery Shoppe.
 24549 | Orc:2    | Bought a ring of poison resistance for 340 gold pieces
 24657 | Orc:2    | Reached skill level 12 in Axes
 24793 | Orc:2    | Found Abbaw's Armour Boutique.
 24793 | Orc:2    | Found Cisyer's Armour Shoppe.
 25323 | Orc:2    | Bought the amulet of Teqajelo {Reflect rPois Int+4 Dex+3
                  | SH+5} for 614 gold pieces
 26053 | D:13     | Found a hide-covered altar of Uskayaw.
 26337 | D:13     | Noticed Erolcha
 26355 | D:13     | Reached skill level 10 in Armour
 26366 | D:13     | Killed Erolcha
 26943 | D:14     | Reached skill level 5 in Shields
 27541 | D:14     | Gained mutation: You have claws for hands. [demonic
                  | ancestry]
 27541 | D:14     | Reached XP level 14. HP: 99/106 MP: 21/21
 27816 | D:14     | Found a portal to a secret trove of treasure.
 27875 | D:14     | Found a gate to the Vaults.
 28394 | D:15     | Entered Level 15 of the Dungeon
 28563 | D:15     | Reached skill level 10 in Invocations
 29154 | D:15     | Reached skill level 13 in Axes
 29621 | D:15     | Found an ancient bone altar of Kikubaaqudgha.
 29791 | D:15     | Found a staircase to the Depths.
 30685 | Lair:2   | Identified the +8 flail of Miurr {drain, Stlth+}
 32081 | Lair:2   | You fall into a shaft and drop 1 floor!
 32981 | Lair:4   | Noticed Rupert
 32990 | Lair:4   | Demolished by Rupert

Illustrated notes

Levels and vault maps discovered:
D:1:      dpeg_arrival_chambers_temple_mockup, layout_rooms
D:2:      layout_basic, basic_altar, minmay_pentomino_r4
D:3:      layout_loops_ring, serial_shops, shop, uniq_ijyb
D:4:      layout_loops_ring, mainiacjoe_overflow_alcove_2,
          nicolae_vehumet_radiance, lightli_corner_chamber, uniq_natasha
D:5:      layout_cave_pools, feat_on_display
D:6:      layout_loops_ring, serial_shops, nicolae_inconvenience_store
D:7:      layout_loops_cross, minmay_temple_entry_gardened_gates, uniq_pikel,
          uniq_duvessa
D:8:      layout_rooms, mainiacjoe_overflow_tiny_flanked,
          minmay_lair_entry_grove, serial_curves, eino_curves_03,
          eino_curves_01, eino_curves_02, eino_curves_02, enter_bailey_3,
          hangedman_abyss_or_decor_stabs, chequers_guarded_unrand_ignorance
D:9:      layout_long_grid, nicolae_shop_gadgets
D:10:     layout_basic, trog_ov_bears_minmay, uniq_joseph, uniq_josephine
D:11:     layout_grid_maze, orc_0_dummy, uniq_nergalle
D:12:     layout_layer_cave
D:13:     layout_long_grid, eat_drink_and_be_merry_uskayaw, uniq_erolcha
D:14:     layout_cave_pools, grunt_vaults_entry_tiered,
          nicolae_trove_entry_diagonal
D:15:     hangedman_depths_entry_try_elsewhere_first, layout_gridville,
          reono_crystal_passage, kennysheep_vampire_church
Temple:   nicolae_temple_two_arcs
Lair:1:   layout_long_grid, grunt_megastairs_1, serial_bayou_shore_a,
          serial_bayou_shore_b
Lair:2:   layout_hall_layers, chequers_serial_rivers_small_3
Lair:3:   layout_hall_layers, minmay_swamp_entry_reptiles, dummy_snake_entry
Lair:4:   layout_long_grid, gammafunk_ghost_icy, gauntlet_entry_generic,
          uniq_rupert
Orc:1:    layout_diamond_mine, basic_altar, nicolae_orc_lava_room, uniq_fannar
Orc:2:    st_orc_town, layout_diamond_mine, mines1_david, uniq_snorg

Skill      XL: |  1  2  3  4  5  6  7  8  9 10 11 12 13 14 |
---------------+-------------------------------------------+-----
Axes           | 3 4 5 7 9 10 11 12 13 | 13.7
Armour         | 1 2 4 5 7 8 9 10 | 10.7
Fighting       | 3 4 5 6 7 8 9 |  9.6
Throwing       | 2 3 4 |  4.1
Dodging        | 3 5 6 7 8 9 |  9.6
Evocations     | 2 3 5 6 8 9 |  9.2
Invocations    | 3 5 7 9 11 | 11.0
Stealth        | 1 |  1.3
Shields        | 1 3 5 |  5.5

Action                   |  1- 3 |  4- 6 |  7- 9 | 10-12 | 13-15 || total
-------------------------+-------+-------+-------+-------+-------++-------
Melee: War axe           |    94 |   149 |   270 |   247 |       ||   760
       Kick              |    18 |    34 |    61 |   196 |   171 ||   480
       Punch             |     1 |       |     5 |     5 |     4 ||    15
       Headbutt          |       |     5 |    61 |   131 |   111 ||   308
       Battleaxe         |       |       |       |   127 |     5 ||   132
       Broad axe         |       |       |       |   185 |   435 ||   620
Throw: Dart              |       |    18 |     8 |     6 |    15 ||    47
       Throwing net      |       |     1 |       |       |       ||     1
       Javelin           |       |       |     2 |     7 |       ||     9
       Boomerang         |       |       |       |       |    12 ||    12
Invok: Elemental Force   |       |       |       |     3 |     3 ||     6
       Upheaval          |       |       |       |     3 |     2 ||     5
Evoke: Lightning rod     |       |       |       |     2 |       ||     2
       Wand              |       |       |       |     1 |     1 ||     2
       Phial of floods   |       |       |       |     1 |     1 ||     2
       Tin of tremorston |       |       |       |       |     1 ||     1
  Use: Scroll            |       |    12 |     6 |    13 |     5 ||    36
       Potion            |       |     1 |     2 |     4 |       ||     7
Armor: Leather armour    |     8 |       |       |       |       ||     8
       Plate armour      |   111 |   109 |   226 |   465 |   231 ||  1142
Dodge: Dodged            |    37 |    35 |   109 |   216 |   139 ||   536
       Repelled          |       |       |       |     1 |       ||     1
Block: Other             |       |       |       |    31 |   128 ||   159
       Tower shield      |       |       |       |   248 |   285 ||   533
       Reflection        |       |       |       |       |    25 ||    25

Table legend: (Time is in decaauts)
 A = Elapsed time spent in this place.
 B = Non-inter-level travel time spent in this place.
 C = Inter-level travel time spent in this place.
 D = Time resting spent in this place.
 E = Time spent auto-exploring this place.
 F = Levels seen in this place.
 G = Mean time per level.
                   A        B        C        D        E       F      G
               +--------+--------+--------+--------+--------+-----+--------+
         Total |  33437 |  31963 |   1474 |  10028 |  12427 |  22 | 1519.9 |
       Dungeon |  24991 |  23715 |   1276 |   7041 |   9964 |  15 | 1666.1 |
        Temple |     19 |     19 |      0 |      0 |      0 |   1 |   19.0 |
          Lair |   2815 |   2739 |     76 |    574 |   1474 |   4 |  703.8 |
  Orcish Mines |   5611 |   5490 |    121 |   2413 |    988 |   2 | 2805.5 |
               +--------+--------+--------+--------+--------+-----+--------+

Top non-repeatable levels by time:
   Orc:1: 3053 daAuts
     D:7: 2883 daAuts
   Orc:2: 2557 daAuts
    D:12: 2442 daAuts
    D:11: 2435 daAuts
     D:9: 2259 daAuts
     D:5: 1864 daAuts
     D:8: 1828 daAuts
    D:13: 1802 daAuts
    D:15: 1665 daAuts
     D:6: 1533 daAuts
  Lair:1: 1471 daAuts
     D:3: 1242 daAuts
  Lair:2: 1176 daAuts
     D:4: 1130 daAuts
